 Dungeon Crawl Stone Soup version 0.30-a0-782-ge64f9170bb (webtiles) character file.

Game seed: 7058009347258594508

142 vineage the Trooper (level 5, -1/35 HPs)
             Began as a Gargoyle Fighter on Mar 13, 2023.
             Slain by Sigmund
             ... wielding a +0 scythe
              (8 damage)
             ... on level 3 of the Dungeon.
             The game lasted 00:02:38 (1974 turns).

vineage the Trooper (Gargoyle Fighter)              Turns: 1974, Time: 00:02:39

Health: -1/35      AC: 14    Str: 22    XL:     5   Next: 25%
Magic:  5/5        EV:  7    Int:  8    God:
Gold:   150        SH:  4    Dex:  9    Spells: 4/4 levels left

rFire   . . .      SeeInvis .    a - +1 flail
rCold   . . .      Faith    .    c - +0 buckler
rNeg    + . .      Spirit   .    h - +0 chain mail
rPois   ∞          Reflect  .    f - +0 helmet
rElec   +          Harm     .    (no cloak)
rCorr   .          Rampage  .    (no gloves)
Will    .....                    (no boots) Stlth
                                 (no amulet)
HPRegen 0.25/turn                (no ring)
MPRegen 0.09/turn                (no ring)

@: mighty
A: sickness immunity, AC +4, negative energy resistance 1, electricity
resistance, torment resistance 1, petrification resistance
a: no special abilities


You were on level 3 of the Dungeon.
You visited 1 branch of the dungeon, and saw 3 of its levels.

You collected 150 gold pieces.

Inventory:

Hand Weapons
 a - a +1 flail (weapon)
Armour
 c - a +0 buckler (worn)
 f - a +0 helmet (worn)
 h - a +0 chain mail (worn)
Scrolls
 e - a scroll of enchant weapon


   Skills:
 * Level 5.5 Fighting
 + Level 3.3 Maces & Flails
 - Level 3.3 Armour
 - Level 3.3 Shields


You had 4 spell levels left.
You didn't know any spells.
Your spell library contained the following spells:

 Spells                   Type           Power      Damage    Failure   Level
 Magic Dart               Conj           0%         1d3       99%         1
 Call Imp                 Summ           0%         N/A       100%        2
 Poisonous Vapours        Pois/Air       0%         N/A       100%        2
 Inner Flame              Hex/Fire       0%         N/A       100%        3
 Mephitic Cloud           Conj/Pois/Air  0%         N/A       100%        3
 Cause Fear               Hex            0%         N/A       100%        4
 Discord                  Hex            0%         N/A       100%        8
 Cigotuvi's Dreadful Rot  Necr/Pois/Air  Unusable   N/A       N/A         2

Dungeon Overview and Level Annotations

Branches:
Dungeon (3/15)

Altars:

Shops:
D:1 *

Annotations:
D:3 Sigmund


Innate Abilities, Weirdness & Mutations

You are immune to sickness and miasma.
Your stone body is resilient. (AC +4)
You are immune to poison.
You resist negative energy. (rN+)
You are resistant to electric shocks. (rElec)
You are resistant to unholy torment.
You are immune to petrification.


Message History

Something hits you but does no damage.
You cannot move.
Unknown command.
There is a strange disturbance nearby!
You block something's attack. Something hits you but does no damage.
You cannot move.
You cannot move.
You hear some strange, mumbled words.
A puff of flame appears from out of thin air!
The puff of flame hits you but does no damage.
Something hits you.
* * * LOW HITPOINT WARNING * * *
Something hits you but does no damage.
You feel very mighty all of a sudden.
As you read the scroll labelled HIVVAK WITU, it crumbles to dust.
It is a scroll of enchant weapon.
Your +0 flail glows red for a moment.
Something hits you but does no damage.
You cannot move.
You hear some strange, mumbled words.
You are confused.
You hear some strange, mumbled words.
Something tries to affect you, but you resist.
Something hits you but does no damage.
Your transformation is almost over.
Something hits you but does no damage. Something hits you but does no damage.
You feel less confused. Something hits you but does no damage.
Something hits you but does no damage. Something hits you but does no damage.
Sigmund appears from thin air!
Reactivating autopickup.
Sigmund hits you but does no damage.
You cannot move.
You feel less wooden.
Your +0 helmet unmelds from your body.
Your +0 chain mail unmelds from your body.
Sigmund hits you with a +0 scythe!
You die...

. .###... #.# ...........
.. #.# .###.####.. ...
#.#............
#.#######.#.####....... #
#...:..................
#.##........###########..
#......................#.
###...@@(.........###.#.
#.....................
###...###.......###...
#...# #.......# #...
#...# #.......# ###.
#...# #.......# #. #...#
####.#### #. #...# #.# #.
#...# #.# #.


You could see Sigmund.

Vanquished Creatures
  Terence (D:2)
  5 adders (D:2)
  6 dart slugs
  An orc (D:3)
  3 bats
  4 endoplasms
  3 giant cockroaches
  4 goblins
  6 hobgoblins
  6 jackals
  3 quokkas
  5 ball pythons
  5 frilled lizards
  4 kobolds
  4 rats
60 creatures vanquished.

Notes
Turn   | Place    | Note
-------+----------+-------------------------------------------
     0 | D:1      | vineage the Gargoyle Fighter began the quest for the Orb.
     0 | D:1      | Reached XP level 1. HP: 14/14 MP: 1/1
    50 | D:1      | Reached XP level 2. HP: 6/20 MP: 2/2
   279 | D:1      | Reached skill level 4 in Fighting
   293 | D:1      | Reached XP level 3. HP: 11/24 MP: 3/3
   363 | D:1      | You fall into a shaft and drop 1 floor!
   659 | D:2      | Reached XP level 4. HP: 28/30 MP: 4/4
   730 | D:1      | Got the Quarto of the Tincture
  1038 | D:2      | Reached skill level 5 in Fighting
  1180 | D:2      | Noticed Terence
  1181 | D:2      | Found a faded altar of an unknown god.
  1200 | D:2      | Killed Terence
  1464 | D:2      | Reached XP level 5. HP: 35/35 MP: 5/5
  1931 | D:3      | Noticed Sigmund
  1974 | D:3      | Slain by Sigmund

Illustrated notes

Levels and vault maps discovered:
D:1:      wander_arrival_lonely_grave, layout_rooms, serial_shops, shop
D:2:      layout_loops_corners, hellmonk_ecumenical_altar_prayer_group,
          grunt_decor_junction, uniq_terence
D:3:      layout_basic, minmay_tree_intersection, columned_hall_lemuel,
          uniq_sigmund

Skill      XL: |  1  2  3  4 |
---------------+-------------+-----
Fighting       | 4 5 |  5.5
Maces & Flails | 3 |  3.3
Armour         | |  3.3
Shields        | |  3.3

Action                     |  1- 3 |  4- 6 || total
---------------------------+-------+-------++-------
  Melee: Flail             |   135 |   114 ||   249
    Use: Scroll            |     1 |     4 ||     5
         Potion            |       |     2 ||     2
 Armour: Scale mail        |    88 |     1 ||    89
         Chain mail        |       |    84 ||    84
         Skin              |       |    12 ||    12
  Dodge: Dodged            |    87 |    40 ||   127
  Block: Buckler           |    39 |    23 ||    62

Table legend: (Time is in decaauts)
 A = Elapsed time spent in this place.
 B = Non-inter-level travel time spent in this place.
 C = Inter-level travel time spent in this place.
 D = Time resting spent in this place.
 E = Time spent auto-exploring this place.
 F = Levels seen in this place.
 G = Mean time per level.
                   A        B        C        D        E       F      G
               +--------+--------+--------+--------+--------+-----+--------+
         Total |   2050 |   1980 |     70 |    236 |   1198 |   3 |  683.3 |
       Dungeon |   2050 |   1980 |     70 |    236 |   1198 |   3 |  683.3 |
               +--------+--------+--------+--------+--------+-----+--------+

Top non-repeatable levels by time:
     D:2: 1180 daAuts
     D:1: 553 daAuts
     D:3: 317 daAuts
